 Dungeon Crawl Stone Soup version 0.20-a0-893-g832831a (webtiles) character file.

0 Denreik the Ducker (level 1, -1/11 HPs)
             Began as a Spriggan Abyssal Knight on Mar 18, 2017.
             Was a Follower of Lugonu.
             Killed by divine providence
             ... invoked by a smoke demon
              (8 damage)
             ... on level 3 of the Abyss.
             The game lasted 00:03:56 (222 turns).

Denreik the Ducker (Spriggan Abyssal Knight)         Turns: 222, Time: 00:03:56

Health: -1/11      AC:  2    Str:  8    XL:     1   Next: 0%
Magic:  3/3        EV: 18    Int: 13    God:    Lugonu [*.....]
Gold:   21         SH:  0    Dex: 15    Spells: 0/0 levels left

rFire    . . .     SeeInvis +   b - +0 hand crossbow
rCold    . . .     Gourm    .   e - +0 robe
rNeg     . . .     Faith    .   (shield restricted)
rPois    .         Spirit   .   (helmet restricted)
rElec    .         Reflect  .   (no cloak)
rCorr    .         Harm     .   (gloves unavailable)
MR       .....                  (boots unavailable)
Stlth    +.........             (no amulet)
Regen    0.1/turn               (no ring)
MPRegen  0.1/turn               (no ring)

@: very quick
A: unfitting armour, see invisible, herbivore 3, speed 3, slow metabolism 2
a: Depart the Abyss, Renounce Religion


You were on level 3 of the Abyss.
You worshipped Lugonu.
Lugonu was aware of your devotion.
You were not hungry.

You visited 0 branches of the dungeon, and saw 0 of its levels.
You visited the Abyss 1 time.

You collected 21 gold pieces.

Inventory:

Hand Weapons
 a - a +1 spear
 b - a +0 hand crossbow (weapon)
 d - a +0 blowgun
Missiles
 i - 20 sling bullets
 k - 22 stones
 l - 9 bolts (quivered)
Armour
 e - a +0 robe (worn)
Magical Staves
 m - an uncursed staff of power {unknown}
Scrolls
 h - a scroll of recharging {unknown}
 j - a scroll of blinking
Potions
 g - 2 potions of resistance {unknown}
Books
 f - a book of Cantrips

   Spells                             Type                      Level
   a - Confusing Touch                Hexes                        1
   b - Animate Skeleton               Necromancy                   1
   c - Summon Small Mammal            Summoning                    1
   d - Apportation                    Translocation                1
 n - a book of Summonings

   Spells                             Type                      Level
   a - Recall                         Summoning/Translocation      3
   b - Aura of Abjuration             Summoning                    5
   c - Summon Demon                   Summoning                    5
   d - Summon Forest                  Summoning/Translocation      5
   e - Summon Mana Viper              Hexes/Summoning              5
   f - Shadow Creatures               Summoning                    6
Comestibles
 c - a bread ration


   Skills:
 - Level 2.4 Fighting
 - Level 1.3 Polearms
 * Level 3.5 Dodging
 - Level 1.7 Invocations


You couldn't memorise any spells.
You didn't know any spells.

Dungeon Overview and Level Annotations

Branches:
Dungeon (0/15)

Altars:


Innate Abilities, Weirdness & Mutations

You are very small and have problems with some larger weapons.
You are too small for most types of armour.
You have supernaturally acute eyesight. (SInv)
You are a herbivore.
You cover ground extremely quickly.
You need consume almost no food.


Message History

The iron imp shouts, "Relinquish hope, thou worthless base-court pustule!"
A neqoxec and a tentacled starspawn come into view.
A tentacle flies out from the starspawn's body!
A smoke demon and a starspawn tentacle come into view.
A starspawn tentacle comes into view.
The smoke demon roars!
The starspawn tentacle grabs you. The starspawn tentacle constricts you.
A thrashing horror comes into view.
You escape the starspawn tentacle's grasp.
The thrashing horror moves out of view.
You see here a book of Summonings.
n - a book of Summonings The starspawn tentacle grabs you.
The starspawn tentacle constricts you. The iron imp misses you.
The starspawn tentacle loses its grip on you.
The tentacle pulls you backwards! The smoke demon gestures at you.
Something smites you!
Ouch! That really hurt!
You die...

####≈ .......##..
≈≈#≈.........# #.
≈#.......$....##..
...≈#.........w.#
#...........#3>##
.##...........#│#...
#...........##....#
#..........##.│#§ ..
#...@W....#.#
#.$#...5...X#
#..#..........# ...
#.#...........# #.
###.......##.#..
..........# ..
###..3..##.# .
.......# ... .
###...... .#.


You could see a tentacled starspawn, a flayed ghost, a smoke demon, a starspawn
tentacle and an iron imp.

Vanquished Creatures (others)
  A starspawn tentacle (Abyss:3)
1 creature vanquished.

Notes
Turn   | Place    | Note
-------+----------+-------------------------------------------
     0 | Abyss:1  | Denreik the Spriggan Abyssal Knight began the quest for the Orb.
     0 | Abyss:1  | Reached XP level 1. HP: 11/11 MP: 3/3
     8 | Abyss:1  | Found a corrupted altar of Lugonu.
    71 | Abyss:2  | Found a deep blue altar of Sif Muna.
   127 | Abyss:2  | Noticed a bone dragon
   155 | Abyss:2  | Noticed a golden dragon skeleton
   165 | Abyss:3  | Found a corrupted altar of Lugonu.
   170 | Abyss:3  | Noticed a small abomination
   183 | Abyss:3  | Noticed a flayed ghost
   193 | Abyss:3  | Found a corrupted altar of Lugonu.
   207 | Abyss:3  | Noticed an iron imp
   216 | Abyss:3  | Noticed a tentacled starspawn
   216 | Abyss:3  | Noticed a neqoxec
   217 | Abyss:3  | Noticed a smoke demon
   219 | Abyss:3  | Noticed a thrashing horror
   222 | Abyss:3  | Killed from afar by a smoke demon

Vault maps used:
Abyss:3:  evilmike_abyss_rune_ettins

Action                   || total
-------------------------++-------
 Fire: Hand crossbow     ||     4
  Use: Scroll            ||     1
Dodge: Dodged            ||     1
